 Dungeon Crawl Stone Soup version 0.21.1-1-g345015f (webtiles) character file.

219 grindst0ne the Skirmisher (level 5, 44/44 HPs)
             Began as a Demonspawn Gladiator on Mar 5, 2018.
             Got out of the dungeon alive.
             The game lasted 00:04:48 (1457 turns).

grindst0ne the Skirmisher (Demonspawn Gladiator)    Turns: 1457, Time: 00:04:48

Health: 44/44      AC:  5    Str: 15    XL:     5   Next: 64%
Magic:  5/5        EV: 12    Int:  9    God:
Gold:   106        SH:  0    Dex: 15    Spells: 4/4 levels left

rFire    . . .     SeeInvis .   p - +0 war axe
rCold    . . .     Gourm    .   (no shield)
rNeg     + . .     Faith    .   b - +0 leather armour
rPois    .         Spirit   .   (helmet restricted)
rElec    .         Reflect  .   (no cloak)
rCorr    .         Harm     .   (no gloves)
MR       .....                  (no boots)
Stlth    ++........             o - amulet of magic regeneration
HPRegen  0.14/turn              q - ring of positive energy
MPRegen  0.34/turn              (no ring)

@: no status effects
A: antennae 2, yellow scales 1, nightstalker 1
a: no special abilities


You escaped.
You were not hungry.

You visited 1 branch of the dungeon, and saw 2 of its levels.

You collected 106 gold pieces.

Inventory:

Hand Weapons
 a - a +0 war axe
 p - a +0 war axe (weapon)
Missiles
 d - 3 throwing nets (quivered)
 j - 8 javelins
Armour
 b - a +0 leather armour (worn)
 c - a +0 helmet
Jewellery
 o - an amulet of magic regeneration (around neck)
 q - a ring of positive energy (left hand)
Wands
 n - a wand of paralysis (14)
Scrolls
 e - a scroll of teleportation {unknown}
 i - 2 scrolls of identify {unknown}
 m - a scroll of enchant armour {unknown}
Potions
 h - 2 potions of might
 k - a potion of curing {unknown}
 l - 2 potions of lignification {unknown}
Comestibles
 f - 3 rations
 g - 4 chunks of flesh


   Skills:
 + Level 5.2 Fighting
 - Level 3.5 Axes
 - Level 1.7 Throwing
 - Level 0.6 Armour
 - Level 2.6 Dodging
 - Level 0.7 Stealth


You had 4 spell levels left.
You didn't know any spells.

Dungeon Overview and Level Annotations

Branches:
Dungeon (2/15)

Altars:


Innate Abilities, Weirdness & Mutations

You have a pair of antennae on your head.
You are partially covered in yellow scales. (AC +2)
You are slightly more attuned to the shadows.


Message History

You climb upwards.
There is a stone staircase leading down here.
Really walk into a travel-excluded area? [Y]es or [N]o only, please.
Really walk into a travel-excluded area? [Y]es or [N]o only, please.
Really walk into a travel-excluded area? [Y]es or [N]o only, please.
Really walk into a travel-excluded area? [Y]es or [N]o only, please.
Really walk into a travel-excluded area? [Y]es or [N]o only, please.
Really walk into a travel-excluded area?
Okay, then.
There is a staircase leading out of the dungeon here.
Are you sure you want to leave the Dungeon?
This will make you lose the game!
Alright, then stay!
There is a staircase leading out of the dungeon here.
Are you sure you want to leave the Dungeon?
This will make you lose the game!
You have escaped!

#######.....# #....
####.......###.######### #.###
#....###.#.# #.........# #.#
#.##)###.#############.######.###
#.##'#...........# #...........
#.##.#...§.......# ########.###
#.##)#.#..#..#...# #.#
#....+..≈........# #)#
#.####.8§.......@# #.#
#....+..≈.[......# ### ##.###
####'#.#..#..#...###.## #.....
#)#...........##.#.## #.####
#'#...........#.###.# #.#
##(###.##########.#.## #.# #..#
#.# #.#.##.## #.# #.####.#
#.#.##.#######.#### ###.###..#
#.#.##.............


There were no monsters in sight!

Vanquished Creatures
  A black bear (D:2)
  4 gnolls (D:2)
  2 adders (D:2)
  2 oozes (D:1)
  A worm (D:2)
  3 leopard geckos
  5 goblins
  10 hobgoblins
  4 jackals (D:2)
  A quokka (D:2)
  10 bats
  9 frilled lizards
  6 kobolds
  3 rats (D:1)
61 creatures vanquished.

Notes
Turn   | Place    | Note
-------+----------+-------------------------------------------
     0 | D:1      | grindst0ne the Demonspawn Gladiator began the quest for the Orb.
     0 | D:1      | Reached XP level 1. HP: 16/16 MP: 1/1
   297 | D:1      | Gained mutation: You are partially covered in yellow scales. (AC +2) [demonic ancestry]
   297 | D:1      | Reached XP level 2. HP: 20/23 MP: 2/2
   467 | D:1      | Gained mutation: You have a pair of small antennae on your head. [demonic ancestry]
   467 | D:1      | Reached XP level 3. HP: 20/28 MP: 3/3
  1119 | D:2      | Noticed a black bear
  1132 | D:2      | Killed a black bear
  1132 | D:2      | Reached skill level 4 in Fighting
  1132 | D:2      | Gained mutation: You are slightly more attuned to the shadows. [demonic ancestry]
  1132 | D:2      | Reached XP level 4. HP: 37/38 MP: 4/4
  1132 | D:2      | Gained mutation: You have a pair of antennae on your head. [demonic ancestry]
  1132 | D:2      | Reached XP level 5. HP: 42/43 MP: 5/5
  1220 | D:2      | Reached skill level 5 in Fighting
  1457 | D:$      | Got out of the dungeon alive.

Skill      XL: |  1  2  3  4  5 |
---------------+----------------+-----
Axes           | 3 |  3.5
Fighting       | 4 5 |  5.2
Throwing       | |  1.7
Armour         | |  0.6
Dodging        | |  2.6
Stealth        | |  0.7

Action                   |  1- 3 |  4- 6 || total
-------------------------+-------+-------++-------
Melee: War axe           |   114 |    44 ||   158
Evoke: Wand              |     3 |       ||     3
 Stab: Sleeping          |     2 |     3 ||     5
       Paralysed         |     5 |       ||     5
  Eat: Chunk             |     1 |     1 ||     2
Armor: Leather armour    |    52 |    11 ||    63
Dodge: Dodged            |    89 |    37 ||   126
